 Dungeon Crawl Stone Soup version 0.32-a0-290-g598725c5f2 (webtiles) character file.

Game seed: 8709463627503876970

137 timneilson the Ruffian (level 5, 0/34 HPs)
             Began as an Octopode Shapeshifter on Feb 13, 2024.
             Was an Initiate of Gozag.
             Killed from afar by an orc wizard (7 damage)
             ... with a magic dart
             ... on level 3 of the Dungeon.
             The game lasted 00:03:05 (1939 turns).

timneilson the Ruffian (Octopode Shapeshifter)      Turns: 1939, Time: 00:03:06

Health: 0/34       AC:  1    Str: 16    XL:     5   Next: 20%
Magic:  5/5        EV: 13    Int: 12    God:    Gozag
Gold:   66         SH:  0    Dex: 11    Spells: 4/4 levels left

rFire   . .          .
                       - Unarmed
rCold   . . .        (no shield)
rNeg    . . .        (helmet currently unavailable)
rPois   .            (no amulet)
rElec   .            (no ring)
rCorr   .            (no ring)
SInv    .            (no ring)
Will    .....        (no ring)
Stlth   +++          (no ring)
HPRegen 0.25/turn    (no ring)
MPRegen 0.09/turn    (no ring)
                     (no ring)

%: no passive effects
@: beast-form, gold aura
A: beast (slay +2), almost no armour, amphibious, 8 rings, camouflage 1,
gelatinous body 1, (nimble swimmer 1), tentacles
a: Begin Untransformation, Renounce Religion, Potion Petition, Call Merchant,
Bribe Branch


You were on level 3 of the Dungeon.
You worshipped Gozag.
Gozag was noncommittal.
You were a hulking beast.
You visited 1 branch of the dungeon, and saw 3 of its levels.

You collected 79 gold pieces.
You paid 13 gold pieces to Gozag.

Inventory:

Talismans
 b - a beast talisman (active)
 c - a flux talisman
Scrolls
 d - a scroll of identify
 e - a scroll of poison
Potions
 a - a potion of lignification
 f - a potion of enlightenment


   Skills:
 * Level 2.2 Fighting
 * Level 2.8 Dodging
 + Level 2.3 Stealth
 * Level 3.8 Unarmed Combat
 * Level 3.6 Shapeshifting


You had 4 spell levels left.
You didn't know any spells.
Your spell library contained the following spells:

 Spells                   Type           Power      Damage    Failure   Level
 Sublimation of Blood     Necr           0%         N/A       45%         2
 Petrify                  Alch/Erth      0%         N/A       97%         4
 Irradiate                Conj/Alch      0%         3d11      100%        5


Dungeon Overview and Level Annotations

Branches:
Dungeon (3/15)

Altars:
Gozag


Innate Abilities, Weirdness & Mutations

You are a hulking beast.
Your limbs bulge with bestial killing power. (Slay +2)
You cannot wear most types of armour.
You are amphibious.
You can wear up to eight rings at the same time.
Your skin changes colour to match your surroundings (Stealth+).
Your rubbery body absorbs attacks. (AC +1, EV +1)
((You are camouflaged when in or above water. (Stealth+)))
You have tentacles for arms and can constrict up to eight enemies at once.


Message History

An orc comes into view. It is wielding a +0 dagger.
An orc wizard comes into view. It is wielding a +0 dagger.
Found a stone staircase leading up.
A quokka comes into view.
An orc comes into view. It is wielding a +2 whip of venom.
The orc wizard shouts!
The orc shouts!
An orc comes into view. It is wielding a +0 short sword.
The orc wizard casts a spell at you.
You are confused.
The orc shouts! x2
The orc wizard casts a spell at you. You resist with some effort.
The orc attacks as it pursues you! The orc barely misses you.
You bump into the rock wall.
The orc completely misses you.
You bump into the rock wall.
The quokka bites you.
The orc throws a boomerang.
The boomerang hits you. The orc completely misses you.
The quokka attacks as it pursues you! The quokka bites you.
The orc hits you with a +2 whip of venom!
You feel less confused.
You tentacle-slap the quokka. Your grab misses the quokka.
The quokka is moderately wounded.
The quokka closely misses you.
You tentacle-slap the quokka. You grab the quokka.
The quokka is severely wounded.
You constrict the quokka. The quokka bites you.
You barely miss the quokka. You squeeze the quokka.
You kill the quokka!
You barely miss the orc. You grab the orc. You constrict the orc.
The orc hits you with a +2 whip of venom!
* * * LOW HITPOINT WARNING * * *
You bludgeon the orc!
You kill the orc!
You tentacle-slap the orc. You grab the orc. You squeeze the orc.
The orc is almost dead.
You constrict the orc.
You kill the orc!
The orc wizard points at you and mumbles some strange words.
The magic dart hits you!
You die...
Your body crumbles into a pile of gold.

#.# #.# #.# #.# ####.#
#....### #
#......###### .#
#....#.....(# #.##
##.#.######h####...##
##.#.######$#.......#.
##.....#.....o..o......
#............o.......#.
#......#.##.##.#....##
#####.#.#.##.##.
#......<.. ........#.#
##. ###.#####.
..###.###.. .. ..
..###... ... .. ...


You could see an orc wizard and an orc.

Vanquished Creatures
  4 adders (D:2)
  A ribbon worm (D:1)
  2 orcs (D:3)
  4 ball pythons
  4 bats
  2 endoplasms (D:1)
  5 giant cockroaches (D:1)
  7 goblins
  3 hobgoblins
  10 jackals (D:1)
  2 quokkas
  A frilled lizard (D:2)
  3 kobolds
  8 rats
56 creatures vanquished.

Notes
Turn   | Place    | Note
-------+----------+-------------------------------------------
     0 | D:1      | timneilson the Octopode Shapeshifter began the quest for
                  | the Orb.
     0 | D:1      | Reached XP level 1. HP: 13/13 MP: 1/1
     1 | D:1      | Found a runed translucent door.
    36 | D:1      | Reached XP level 2. HP: 12/18 MP: 2/2
   114 | D:1      | Reached skill level 1 in Stealth
   249 | D:1      | Reached XP level 3. HP: 23/23 MP: 3/3
  1048 | D:1      | Reached XP level 4. HP: 29/29 MP: 4/4
  1507 | D:2      | Reached XP level 5. HP: 34/34 MP: 5/5
  1517 | D:2      | Found an opulent altar of Gozag.
  1523 | D:2      | Became a worshipper of Gozag Ym Sagoz the Greedy
  1939 | D:3      | Killed from afar by an orc wizard

Illustrated notes

Levels and vault maps discovered:
D:1:      dpeg_arrival_caged_fury, layout_basic
D:2:      layout_loops_ring, basic_altar
D:3:      layout_loops_ring, serial_shops, shop

Skill      XL: |  1  2  3  4 |
---------------+-------------+-----
Stealth        | 1 2 |  2.3
Fighting       | 2 |  2.2
Dodging        | |  2.8
Unarmed Combat | |  3.8
Shapeshifting  | |  3.6

Action                     |  1- 3 |  4- 6 || total
---------------------------+-------+-------++-------
  Melee: Unarmed           |    42 |    49 ||    91
         Constrict         |    13 |    18 ||    31
         Tentacles         |    13 |    12 ||    25
         Punch             |     2 |       ||     2
    Use: Scroll            |     4 |     2 ||     6
   Stab: Sleeping          |     5 |     4 ||     9
 Armour: Skin              |    11 |    22 ||    33
  Dodge: Dodged            |    20 |    20 ||    40

Table legend: (Time is in decaauts)
 A = Elapsed time spent in this place.
 B = Non-inter-level travel time spent in this place.
 C = Inter-level travel time spent in this place.
 D = Time resting spent in this place.
 E = Time spent auto-exploring this place.
 F = Levels seen in this place.
 G = Mean time per level.
                   A        B        C        D        E       F      G
               +--------+--------+--------+--------+--------+-----+--------+
         Total |   1933 |   1907 |     26 |     61 |   1519 |   3 |  644.3 |
       Dungeon |   1933 |   1907 |     26 |     61 |   1519 |   3 |  644.3 |
               +--------+--------+--------+--------+--------+-----+--------+

Top non-repeatable levels by time:
     D:1: 1094 daAuts
     D:2: 795 daAuts
     D:3: 44 daAuts
